 Dungeon Crawl Stone Soup version 0.31-a0-234-gad7ace16ef (webtiles) character file.

Game seed: 17920955993363283078

25 qw the Shooter (level 2, -1/24 HPs)
             Began as a Minotaur Hexslinger on July 9, 2023.
             Slain by Terence
             ... wielding a +0 mace
              (6 damage)
             ... on level 2 of the Dungeon.
             The game lasted 00:00:19 (622 turns).

qw the Shooter (Minotaur Hexslinger)                 Turns: 622, Time: 00:00:20

Health: -1/24      AC:  2    Str: 12    XL:     2   Next: 82%
Magic:  2/2        EV: 12    Int: 10    God:
Gold:   50         SH:  0    Dex: 12    Spells: 2/3 levels left

rFire   . . .        Y - +1 sling
rCold   . . .        (no shield)
rNeg    + . .        c - +0 robe
rPois   .            (helmet restricted)
rElec   .            (no cloak)
rCorr   .            (no gloves)
SInv    .            (no boots)
Will    .....        (no amulet)
Stlth   +            e - ring of positive energy
HPRegen 0.24/turn    (no ring)
MPRegen 0.08/turn

%: no passive effects
@: about to teleport
A: horns 2, retaliatory headbutt
a: no special abilities


You were on level 2 of the Dungeon.
You visited 1 branch of the dungeon, and saw 2 of its levels.

You collected 50 gold pieces.


Innate Abilities, Weirdness & Mutations

You have a pair of horns on your head.
You reflexively headbutt those who attack you in melee.


   Skills:
 - Level 2.0 Fighting
 + Level 3.4 Ranged Weapons
 - Level 2.1 Dodging
 - Level 1.0 Spellcasting
 - Level 2.0 Hexes


You had 2 spell levels left.
You knew the following spells:

 Your Spells              Type           Power      Damage    Failure   Level
a - Slow                  Hex            16%        N/A       16%         1

Your spell library contained the following spells:

 Spells                   Type           Power      Damage    Failure   Level
 Inner Flame              Hex/Fire       2%         N/A       56%         3
 Portal Projectile        Hex/Tloc       4%         N/A       56%         3
 Cause Fear               Hex            2%         N/A       83%         4

Inventory:

Hand Weapons
 Y - a +1 sling (weapon)
Armour
 b - a +0 ring mail
 c - a +0 robe (worn)
Jewellery
 e - a ring of positive energy (left hand)
Scrolls
 a - a scroll of enchant armour
 d - a scroll of identify
 h - a scroll of teleportation
Potions
 f - a potion of mutation {unknown}
 g - a potion of enlightenment {unknown}
 i - a potion of degeneration {unknown}

Dungeon Overview and Level Annotations

Branches:
Dungeon (2/15)

Altars:

Annotations:
D:2 Terence


Message History

You climb downwards.
Found a ring mail.
There is a stone staircase leading up here.
Waypoint 1 assigned to D:2.
Found a stone staircase leading down.
b - a +0 ring mail
d - a scroll of identify You open the door.
Found a stone staircase leading down.
There is an open door here.
Terence the Incautious comes into view.
He is wielding a +0 mace.
Terence shouts!
Terence says, "How do you enjoy it?"
You shoot a sling bullet. The sling bullet hits Terence.
Terence is moderately wounded.
Terence hits you with a +0 mace.
An endoplasm comes into view.
You shoot a sling bullet. The sling bullet barely misses Terence.
The endoplasm quivers.
Terence hits you with a +0 mace.
You shoot a sling bullet. The sling bullet barely misses Terence.
Terence barely misses you.
You shoot a sling bullet. The sling bullet hits Terence.
Terence is moderately wounded.
Terence hits you with a +0 mace.
You shoot a sling bullet.
The sling bullet hits Terence but does no damage.
Terence is moderately wounded.
Terence hits you with a +0 mace. Terence barely misses you.
You shoot a sling bullet. The sling bullet hits Terence!
Terence is severely wounded.
Terence hits you with a +0 mace.
You shoot a sling bullet.
The sling bullet closely misses Terence.
Terence hits you with a +0 mace.
622 ||| READING 2 scrolls of teleportation.
As you read the scroll of teleportation, it crumbles to dust.
You feel strangely unstable. Terence hits you with a +0 mace.
You die...

##############.##......
.......................
##########.###.##......
#.# #.##...... #.#
#.<.......
#.###.###+#.##
#.......#
####'###.#.#.#
+........@>..#
##....##.#@#.#
#....##.#J#.#
#~~#####.#.# # .>..
..... ###~~ ###.# #.#
.# ..


You could see Terence and an endoplasm.

Vanquished Creatures
  3 bats (D:1)
  An endoplasm (D:1)
  A giant cockroach (D:1)
  2 goblins (D:1)
  2 hobgoblins (D:1)
  3 kobolds (D:1)
  3 ball pythons (D:1)
  4 frilled lizards (D:1)
  4 rats (D:1)
23 creatures vanquished.

Notes
Turn   | Place    | Note
-------+----------+-------------------------------------------
     0 | D:1      | qw the Minotaur Hexslinger began the quest for the Orb.
     0 | D:1      | Reached XP level 1. HP: 16/16 MP: 1/1
     0 | D:1      | 0 ||| qw: Version: 0.3-a-51-g015441d
     0 | D:1      | 0 ||| qw: Game counter: 4209
     0 | D:1      | 0 ||| qw: Melee chars always use a shield: true
     0 | D:1      | 0 ||| qw: God list: Okawaru
     0 | D:1      | 0 ||| qw: Allow faded altars: false
     0 | D:1      | 0 ||| qw: Do Orc after clearing Dungeon:15 true
     0 | D:1      | 0 ||| qw: Do second Lair branch before Depths: true
     0 | D:1      | 0 ||| qw: Lair rune preference: random
     0 | D:1      | 0 ||| qw: Goals: Normal
     0 | D:1      | 0 ||| PLANNING D:1-11
   111 | D:1      | Reached skill level 3 in Ranged Weapons
   123 | D:1      | Reached XP level 2. HP: 17/23 MP: 2/2
   558 | D:1      | 558 ||| UPGRADING to ring of positive energy.
   559 | D:1      | 559 ||| READING 2 scrolls labelled ECRISADILY.
   560 | D:1      | 560 ||| READING 3 scrolls labelled TEAWUUMOEDU.
   565 | D:1      | 565 ||| READING scroll labelled AGES PUAME.
   566 | D:1      | 566 ||| DROPPING scroll of poison.
   614 | D:2      | Noticed Terence
   621 | D:2      | HP: 5/24 [Terence/+0 mace (3)]
   622 | D:2      | 622 ||| READING 2 scrolls of teleportation.
   622 | D:2      | Slain by Terence

Levels and vault maps discovered:
D:1:      dpeg_arrival_arbitrary_c, layout_basic
D:2:      layout_basic, serial_shops, nicolae_shop_hallway_stairs, uniq_terence

Skill      XL: |  1  2 |
---------------+-------+-----
Ranged Weapons | 3 |  3.4
Fighting       | 2 |  2.0
Dodging        | |  2.1
Spellcasting   | |  1.0
Hexes          | |  2.0

Action                     || total
---------------------------++-------
   Fire: Sling             ||    80
    Use: Scroll            ||     4
 Armour: Robe              ||     8
  Dodge: Dodged            ||    18

Table legend:
 A = Non-vault XP
 B = Vault XP
 C = Vault XP percentage of total XP
 D = Non-vault monster count
 E = Vault monster count
 F = Vault count percentage of total count
                 A         B        C        D         E       F
            +---------+---------+-------+---------+---------+-------
      Total |      36 |       0 |   0.0 |      23 |       0 |   0.0
            +---------+---------+-------+---------+---------+-------
        D:1 |      36 |       0 |   0.0 |      23 |       0 |   0.0
            +---------+---------+-------+---------+---------+-------
